 Dungeon Sprint DCSS version 0.26-a0-850-g97a50ab700 (webtiles) character file.

Game seed: 15683994312814584465

554 sahdkjhfkaj the Whirler (level 7, -1/44 HPs)
             Began as a Halfling Hunter on Nov 20, 2020.
             Was a Follower of Ashenzari.
             Slain by a green ugly thing (3 damage)
             ... in the Dungeon (Sprint V: "Ziggurat Sprint").
             The game lasted 00:04:15 (699 turns).

sahdkjhfkaj the Whirler (Halfling Hunter)            Turns: 699, Time: 00:04:15

Health: -1/44      AC: 11    Str: 15    XL:     7   Next: 55%
Magic:  7/7        EV:  9    Int:  9    God:    Ashenzari [*.....]
Gold:   0          SH:  0    Dex: 27    Spells: 6/6 levels left

rFire    . . .     SeeInvis .   a - +9 fustibalus (freeze) (curse)
rCold    . . .     Faith    .   (shield restricted)
rNeg     . . .     Spirit   .   b - +5 storm dragon scales (curse)
rPois    .         Reflect  .   (no helmet)
rElec    +         Harm     .   (no cloak)
rCorr    .         Rampage  .   (no gloves)
MR       .....     NoTele   +   (no boots)
Stlth    ..........             (no amulet)
HPRegen  0.14/turn              x - +6 ring of dexterity (curse)
MPRegen  0.10/turn              w - +6 ring of dexterity (curse)

@: frozen, corroded, very slow
A: small, mutation resistance 1
a: Curse Item, Scrying, Renounce Religion


You were in the Dungeon.
You worshipped Ashenzari.
Ashenzari was aware of your devotion.
You visited 1 branch

Inventory:

Hand Weapons
 a - a cursed +9 fustibalus of freezing (weapon)
Missiles
 d - 1005 sling bullets (quivered)
Armour
 b - cursed +5 storm dragon scales (worn)
Jewellery
 w - a cursed +6 ring of dexterity (right hand)
 x - a cursed +6 ring of dexterity (left hand)
Wands
 C - a wand of disintegration (7)
 D - a wand of iceblast (7)
 E - a wand of acid (7)
Scrolls
 j - 3 scrolls of blinking {!r}
 p - 4 scrolls of amnesia {!r}
 q - 8 scrolls of fog {!r}
 r - a scroll of holy word {!r}
 s - 5 scrolls of identify {!r}
 t - a scroll of remove curse {!r}
 u - 2 scrolls of fear {!r}
Potions
 e - 8 potions of curing {!q}
 f - 10 potions of heal wounds {!q}
 g - 5 potions of haste {!q}
 h - 7 potions of magic {!q}
 i - 3 potions of berserk rage {!q}
 k - 2 potions of brilliance {!q}
 l - 2 potions of invisibility {!q}
 m - 4 potions of resistance {!q}
 o - 4 potions of might {!q}
Miscellaneous
 v - a lightning rod (3/4)


   Skills:
 - Level 1.7 Fighting
 + Level 20.3 Slings
 - Level 2.1 Dodging
 - Level 1.1 Stealth


You had 6 spell levels left.
You didn't know any spells.
Your spell library was empty.

Dungeon Overview and Level Annotations

Branches:
Dungeon (1/1)

Altars:
Ashenzari
Cheibriados
Dithmenos
Elyvilon
Fedhas
Gozag
Hepliaklqana
Kikubaaqudgha
Makhleb
Nemelex Xobeh
Okawaru
Qazlal
Ru
Sif Muna
Trog
Uskayaw
Vehumet
Wu Jian
Xom
Yredelemnul
Zin
The Shining One
Beogh
Jiyva
Lugonu

Annotations:
D 1 transporter


Innate Abilities, Weirdness & Mutations

You are small and have problems with some larger weapons.
You are somewhat resistant to further mutation.


Message History

Press: ? - help, Shift-Dir - straight line, f - scorpion, p - green ugly thing
Aim: a scorpion The thunderbolt hits the scorpion!
The scorpion is severely wounded.
The thunderbolt hits the rime drake.
The rime drake is lightly wounded.
The rime drake bites you but does no damage.
The green ugly thing bites you.
* * * LOW HITPOINT WARNING * * *
Unknown command.
Unknown command.
Unknown command.
Okay, then.
The rime drake breathes ice at you. The flash freeze hits you!!
Ouch! That really hurt!
* * * LOW HITPOINT WARNING * * *
You are encased in ice.
The green ugly thing bites you.
You die...

▓..©..▓..©..▓▓▓▓▓▓▓
▓▓▓▓▓▓▓▓▓▓▓▓▓▓▓▓▓▓▓
▓..8©8...▓..8©8...▓
▓..).[...▓..)|)...▓
▓........▓..}()...▓
▓........▓...(....▓
▓........▓..sh....▓
▓...)†...▓.▓kuu.▓.▓
▓...©....▓..@©....▓
▓▓▓▓▓▓▓▓▓▓▓▓▓▓▓▓▓▓▓


You could see 2 ugly things, a rime drake shaped shifter (catching breath), a
black bear and a scorpion.

Vanquished Creatures
  2 steam dragons (D)
  A naga (D)
  2 swamp drakes (D)
  An iron imp (D)
  2 adders (D)
  A shadow imp (D)
  A bat zombie (D)
  A ball python (D)
11 creatures vanquished.

Notes
Turn   | Place    | Note
-------+----------+-------------------------------------------
     0 | D        | sahdkjhfkaj the Halfling Hunter began the quest for the
                  | Orb.
     0 | D        | Reached XP level 1. HP: 14/14 MP: 1/1
     0 | D        | Found a shimmering blue altar of Sif Muna.
     0 | D        | Found a sacrificial altar of Ru.
     0 | D        | Found a bloodstained altar of Trog.
     0 | D        | Found a stormy altar of Qazlal.
     0 | D        | Found an iron altar of Okawaru.
     0 | D        | Found a sparkling altar of Nemelex Xobeh.
     0 | D        | Found a blossoming altar of Fedhas.
     1 | D        | Found the +6 Majin-Bo {vamp, MP+6 Int+6}
     1 | D        | Found the +9 heavy crossbow "Sniper" {vorpal, Acc+∞ SInv}
     1 | D        | Found the +10 dark maul {vorpal}
     1 | D        | Found the +15 Maxwell's patent armour {-Cast -Tele rElec
                  | MR+ rCorr}
     1 | D        | Found the +18 shield of the Gong {rElec rN+ MR+ EV-5}
     1 | D        | Found the cursed +14 obsidian axe {vorpal, +Fly SInv
                  | *Curse}
     1 | D        | Found the +7 great mace "Firestarter" {inner flame, rF++}
     1 | D        | Found the +6 shillelagh "Devastator" {shatter}
     1 | D        | Found the +11 plutonium sword {*Contam Stlth-}
     1 | D        | Found the +8 lance "Wyrmbane" {slay drac, rPois rF+ rC+
                  | AC+3}
     1 | D        | Found the +9 sword of Zonguldrok {reap}
     1 | D        | Found the cursed +13 scythe of Curses {drain, *Curse}
     1 | D        | Found the +0 sword of Power
     1 | D        | Found the +7 mace of Variability {chain chaos}
     1 | D        | Found the +7 Singing Sword {vorpal, sonic wave}
     1 | D        | Found the +8 storm bow {elec, penet}
     2 | D        | Found a transporter.
     2 | D        | Found an ancient bone altar of Kikubaaqudgha.
     2 | D        | Found a viscous altar of Jiyva.
     2 | D        | Found a corrupted altar of Lugonu.
     2 | D        | Found a hazy altar of Hepliaklqana.
     2 | D        | Found a burning altar of Makhleb.
     2 | D        | Found an opulent altar of Gozag.
    85 | D        | Became a worshipper of Ashenzari the Shackled
   102 | D        | Entered arena 2.
   102 | D        | Noticed a draconian
   102 | D        | Noticed a draconian
   102 | D        | Found a transporter.
   103 | D        | Identified the +12 scimitar "Reiven" {flame, Dex+6}
   103 | D        | Reached skill level 11 in Slings
   103 | D        | Reached XP level 2. HP: 19/19 MP: 2/2
   109 | D        | Entered arena 3.
   109 | D        | Found a transporter.
   111 | D        | Reached skill level 12 in Slings
   120 | D        | Reached skill level 13 in Slings
   120 | D        | Reached XP level 3. HP: 10/24 MP: 3/3
   324 | D        | Entered arena 4.
   324 | D        | Noticed a steam dragon
   324 | D        | Noticed a steam dragon
   324 | D        | Noticed a swamp drake
   324 | D        | Noticed a swamp drake
   324 | D        | Found a transporter.
   329 | D        | Killed a swamp drake
   330 | D        | Reached skill level 16 in Slings
   330 | D        | Reached XP level 4. HP: 14/29 MP: 4/4
   330 | D        | Reached XP level 5. HP: 16/34 MP: 5/5
   334 | D        | Killed a steam dragon
   335 | D        | Reached skill level 17 in Slings
   335 | D        | Reached XP level 6. HP: 30/39 MP: 6/6
   346 | D        | Killed a swamp drake
   347 | D        | Reached skill level 18 in Slings
   350 | D        | Killed a steam dragon
   351 | D        | Reached skill level 19 in Slings
   351 | D        | Reached XP level 7. HP: 17/44 MP: 7/7
   569 | D        | Entered arena 5.
   569 | D        | Noticed a naga
   569 | D        | Reached * piety under Ashenzari
   569 | D        | Found a transporter.
   590 | D        | Killed a naga
   591 | D        | Reached skill level 20 in Slings
   692 | D        | Entered arena 6.
   692 | D        | Noticed a cyan ugly thing
   692 | D        | Noticed an acid dragon
   692 | D        | Noticed a green ugly thing
   692 | D        | Found a transporter.
   693 | D        | Noticed a rime drake
   693 | D        | an acid dragon changed into a rime drake
   699 | D        | HP: 2/44 [rime drake (shapeshifter)/flash freeze (23)]
   699 | D        | Slain by a green ugly thing

Illustrated notes

Levels and vault maps discovered:
D:        sprint_v [room_start, room_1, room_2, room_3, room_4, room_5, room_6,
          room_7, room_8, room_9, room_10, room_11, room_12, room_13, room_14,
          room_15, room_16, room_17, room_18, room_19, room_20, room_21,
          room_22, room_23, room_24, room_25, room_26, room_27]

Skill      XL: |  1  2  3  4  5  6  7 |
---------------+----------------------+-----
Slings         | 11 13 16 17 19 20 | 20.3
Fighting       | |  1.7
Dodging        | |  2.1
Stealth        | |  1.1

Action                   |  1- 3 |  4- 6 |  7- 9 || total
-------------------------+-------+-------+-------++-------
 Fire: Fustibalus        |    16 |    15 |    26 ||    57
Invok: Curse Item        |     4 |       |       ||     4
Evoke: Lightning rod     |       |       |     1 ||     1
  Use: Potion            |     3 |     2 |       ||     5
       Scroll            |     1 |       |     6 ||     7
Armor: Storm dragon scal |     8 |    11 |    10 ||    29
Dodge: Dodged            |     1 |     8 |     3 ||    12

Table legend: (Time is in decaauts)
 A = Elapsed time spent in this place.
 B = Non-inter-level travel time spent in this place.
 C = Inter-level travel time spent in this place.
 D = Time resting spent in this place.
 E = Time spent auto-exploring this place.
 F = Levels seen in this place.
 G = Mean time per level.
                   A        B        C        D        E       F      G
               +--------+--------+--------+--------+--------+-----+--------+
         Total |    661 |    661 |      0 |     71 |    430 |   1 |  661.0 |
       Dungeon |    661 |    661 |      0 |     71 |    430 |   1 |  661.0 |
               +--------+--------+--------+--------+--------+-----+--------+

Top non-repeatable levels by time:
       D: 661 daAuts
